[Event "Early-Titled-Tuesday-Blitz-January-16-2024"]
[Site "Chess.com"]
[Date "2024.01.16"]
[Round "9"]
[White "KacperKacprzak"]
[Black "PolandHussars"]
[Result "1-0"]
[WhiteElo "2712"]
[BlackElo "2599"]
[TimeControl "180+1"]
[EndTime "9:49:08 PST"]
[Termination "KacperKacprzak won by checkmate"]

1. c4 e5 2. Nc3 d6 3. g3 Be6 4. Bg2 c6 5. d3 Be7 6. e3 Nf6 7. Nge2 d5 8. cxd5 Nxd5 9. a3 O-O 10. O-O Qd7 11. d4 exd4 12. Qxd4 Bf6 13. Qd2 Nxc3 14.
Nxc3 Qxd2 15. Bxd2 Rd8 16. Bc1 Bc4 17. Re1 Nd7 18. Ne4 Be7 19. b3 Bd5 20. Rb1 Ne5 21. b4 f5 22. Nc3 Nf3+ 23. Bxf3 Bxf3 24. Bb2 Rd2 25. Ba1 Rad8 26. Rbc1 Bf6 27. Nb1 Ra2 28. Bxf6 gxf6 29. h3 Rd3 30. Rf1 Rb3 31. Rfe1 Be4 32. Nc3 Raxa3 33. Nxe4 fxe4 34. Rc4 f5 35. Rd1 Ra4 36. Rc5 Rd3 37. Rb1 Rd5 38. Rc2 a6 39. Kg2 Kf7 40. g4 fxg4 41. hxg4 Ke6 42. Kg3 Rb5 43.
Rc4 a5 44. Rxe4+ Kd6 45. Rd1+ Kc7 46. Re7+ Kb6 47. bxa5+ Kxa5 48. Rdd7 Rab4 49. Rxh7 Rb1 50. Kf3 R5b2 51. g5 Rf1 52. Rh2 c5 53. g6 Rg1 54.
Rg2 Rxg2 55. Kxg2 Rb6 56. g7 Rg6+ 57. Kf3 b5 58. Ke4 b4 59. f4 b3 60. f5 Rg4+ 61. Ke5 b2 62. Rd1 c4 63. f6 c3 64. f7 c2 65.
Rd5+ Kb4 66. f8=Q+ Kc3 67. Qc5+ Rc4 68. Qa3# 1-0

[Event "Early-Titled-Tuesday-Blitz-January-16-2024"]
[Site "Chess.com"]
[Date "2024.01.16"]
[Round "9"]
[White "Jospem"]
[Black "LyonBeast"]
[Result "0-1"]
[WhiteElo "3086"]
[BlackElo "3165"]
[TimeControl "180+1"]
[EndTime "9:49:13 PST"]
[Termination "LyonBeast won by checkmate"]

1. e4 c5 2. Nf3 d6 3. c3 Nf6 4. h3 g6 5. Bd3 Bg7 6. Bc2 e5 7. O-O O-O 8. d3 b6 9. Bg5 Nbd7 10. Qd2 Bb7 11. c4 Qb8 12. Ba4 Qc7 13. Nc3 a6 14.
Rae1 Rab8 15. Nh2 h5 16. f4 exf4 17. Bxd7 Nxd7 18. Bxf4 Ne5 19. Nf3 Nxf3+ 20. Rxf3 Rbe8 21. Bh6 f5 22. Rg3 Kh7 23. Bxg7 Qxg7 24. exf5 Rxe1+ 25. Qxe1 Rxf5 26. Ne4 Qd4+ 27. Re3 Bxe4 28. dxe4 Rf4 29. Kh2 Qxc4 30. e5 Rf1 31. Qg3 h4 32. Qg5 Rf5 33. Qe7+ Rf7 34. Qg5 dxe5 35. Rxe5 Qf4+ 36. Qxf4 Rxf4 37. Re6 Rb4 38. b3 a5 39. Kg1 Kh6 40. Rd6 Kg5 41. Kf2 Kf5 42. Kf3 g5 43. Rc6 a4 44.
bxa4 Rxa4 45. Rxb6 Ra3+ 46. Kf2 Rxa2+ 47. Kf3 Ra3+ 48.
Kf2 Rd3 49. Rc6 Rc3 50. Rc8 c4 51. Re8 Kf4 52. Rf8+ Ke4 53. Re8+ Kd3 54. Rd8+ Kc2 55. Rd5 Rd3 56. Rxg5 Kd2 57. Re5 c3 58. Re2+ Kc1 59.
Re4 c2 60. Rxh4 Kb2 61. Rc4 Rc3 62. Rb4+ Ka3 63. Rg4 c1=Q 64. h4 Qe3+ 65. Kf1 Rc1# 0-1

[Event "Early-Titled-Tuesday-Blitz-January-16-2024"]
[Site "Chess.com"]
[Date "2024.01.16"]
[Round "9"]
[White "Aygehovit1992"]
[Black "JonasEilenberg"]
[Result "1-0"]
[WhiteElo "2714"]
[BlackElo "2542"]
[TimeControl "180+1"]
[EndTime "9:49:14 PST"]
[Termination "Aygehovit1992 won by resignation"]

1. e4 c5 2. Nf3 Nc6 3. Nc3 e5 4. Bc4 d6 5. d3 Be7 6. h4 Bg4 7. Nd5 Nf6 8. Ne3 Be6 9. c3 Qd7 10. Qe2 Na5 11. d4 cxd4 12. Bxe6 fxe6 13. cxd4 Nxe4 14.
dxe5 d5 15. Ng5 Bb4+ 16. Kf1 O-O 17. Nxe4 dxe4 18. h5 Rac8 19. Rh4 Qd4 20. Kg1 Rf7 21.
Qg4 Qxe5 22. Qxe4 Qxe4 23. Rxe4 Nc6 24. Ng4 Bc5 25. Be3 Bxe3 26. Rxe3 Nd4 27. Rd1 Rd8 28.
Kf1 Rc7 29. Red3 Rcd7 30. Ne5 Rd5 31. f4 b5 32. Kf2 a6 33. g4 Kf8 34. R1d2 R8d6 35.
Ke3 Nc6 36. Rxd5 exd5 37. Nxc6 Rxc6 38. Rxd5 Rc2 39. Rd2 Rc1 40. Rd6 Rc2 41. Rxa6 Rxb2 42. g5 Rh2 43. h6 gxh6 44. gxh6 Kf7 45. Ke4 Rh5 46. a3 Rc5 47. f5 Rc1 48. Rb6 Re1+ 49. Kf4 Rf1+ 50. Ke4 Re1+ 51. Kd4 Rd1+ 52. Kc5 Rf1 53.
Kxb5 Rxf5+ 54. Ka6 Rf3 55. a4 Ra3 56. a5 Ra4 57.
Kb5 Ra1 58. a6 Ke7 59. Kc6 Rc1+ 60. Kb7 Re1 61. a7 Ra1 62. a8=Q Rxa8 63. Kxa8 Kf7 64. Kb7 1-0

[Event "Early-Titled-Tuesday-Blitz-January-16-2024"]
[Site "Chess.com"]
[Date "2024.01.16"]
[Round "9"]
[White "alekroth65"]
[Black "Kotlyar_K"]
[Result "1-0"]
[WhiteElo "2355"]
[BlackElo "2515"]
[TimeControl "180+1"]
[EndTime "9:49:14 PST"]
[Termination "alekroth65 won by checkmate"]

1. d4 Nf6 2. c4 g6 3. Nc3 d5 4.
Nf3 Bg7 5. Bg5 Ne4 6. cxd5 Nxg5 7. Nxg5 e6 8. Nf3 exd5 9. e3 O-O 10. b4 Bf5 11. Qb3 c6 12. Be2 a5 13. b5 Nd7 14.
O-O Nf6 15. bxc6 bxc6 16. Na4 Ne4 17. Rac1 Qd6 18. Nc5 Rfb8 19. Qa4 Rb4 20. Qa3 Nxc5 21. Rxc5 Bd7 22. Rxa5 Rxa5 23. Qxa5 Rb2 24. Qd8+ Bf8 25. Bd1 Rxa2 26. Ne5 Ra7 27. Bf3 Kg7 28. Qb6 Ra2 29.
g3 Rc2 30. Bd1 Rc3 31. Ba4 Be7 32. Qb7 Be8 33. Qc8 Kf8 34. Rb1 Bf6 35. Rb8 Qe6 36.
Nd7+ Kg7 37. Nxf6 Qxf6 38. Qxe8 Qf5 39. Qe5+ Qxe5 40. dxe5 Ra3 41. Bxc6 Ra5 42. Rd8 d4 43. exd4 Ra7 44. d5 Ra4 45. Rd7 Rd4 46. e6 h5 47.
Rxf7+ Kh6 48. Rd7 h4 49. gxh4 Kh5 50. Kg2 Kg4 51. Rf7 Rd3 52. e7 Rg3+ 53. hxg3 g5 54.
e8=Q gxh4 55. Qe4+ Kg5 56. Rh7 h3+ 57. Rxh3 Kf6 58. Qe6+ Kg5 59. Rh5+ Kxh5 60. Be8+ Kg5 61. Qg6# 1-0

[Event "Early-Titled-Tuesday-Blitz-January-16-2024"]
[Site "Chess.com"]
[Date "2024.01.16"]
[Round "9"]
[White "laiciffOneslraCsungaM"]
[Black "bazar-wokzal"]
[Result "1-0"]
[WhiteElo "2382"]
[BlackElo "2563"]
[TimeControl "180+1"]
[EndTime "9:49:18 PST"]
[Termination "laiciffOneslraCsungaM won on time"]

1. d4 Nf6 2. Nc3 d5 3. Bf4 e6 4. Nb5 Na6 5. e3 c6 6. Nc3 Bb4 7. Nf3 Ne4 8. Qd3 Qa5 9. Nd2 Nxc3 10. bxc3 Bxc3 11. Rd1 O-O 12. Be2 c5 13. e4 cxd4 14. O-O Nb4 15. Qg3 Nxc2 16. Bd3 Nb4 17. Bh6 g6 18.
Bxf8 Kxf8 19. Qd6+ Kg7 20. Nb3 Qb6 21. Qe5+ f6 22.
Qg3 Nxd3 23. Qxd3 dxe4 24. Qxe4 e5 25. h4 Bf5 26. Qd5 Rd8 27. Qc4 Qc6 28. Qe2 a5 29.
Nd2 b5 30. f3 a4 31. Ne4 Qc4 32. Qxc4 bxc4 33. Nxc3 Bd3 34. Ne4 Bxf1 35. Kxf1 f5 36. Nc5 Kf6 37. Nxa4 e4 38. Ke2 Ke5 39. Nb6 c3 40. a4 d3+ 41. Ke3 c2 42. Rc1 d2 43.
Nc4+ Kf6 44. Nxd2 f4+ 45. Kxe4 Rxd2 46. Kxf4 Rxg2 47. a5 Rd2 48. a6 Rd6 49. a7 Ra6 50. Rxc2 Rxa7 51. Rc6+ Kg7 52. Kg5 Ra5+ 53. Kg4 Kh6 54.
f4 Ra1 55. Rb6 Rg1+ 56. Kf3 Kh5 57. Rb7 h6 58. Rb6 Kxh4 59. Rb7 Rf1+ 60. Ke3 Kg4 61. Rh7 1-0

[Event "Early-Titled-Tuesday-Blitz-January-16-2024"]
[Site "Chess.com"]
[Date "2024.01.16"]
[Round "9"]
[White "NelsonLinda"]
[Black "IngOscarArdila"]
[Result "1-0"]
[WhiteElo "2596"]
[BlackElo "2367"]
[TimeControl "180+1"]
[EndTime "9:49:20 PST"]
[Termination "NelsonLinda won by checkmate"]

1. b4 Nf6 2. Bb2 e6 3. b5 Be7 4. Nf3 O-O 5. e3 d6 6. Be2 Nbd7 7. d4 c6 8. a4 Qc7 9. O-O e5 10. c4 Re8 11. a5 exd4 12. exd4 Nf8 13. Re1 Ng6 14.
Nbd2 Bf5 15. Qb3 Ne4 16. Nxe4 Bxe4 17. Nd2 Bf5 18. Nf1 Bf6 19. Ng3 Be6 20. Nh5 d5 21.
Nxf6+ gxf6 22. a6 cxb5 23. cxb5 bxa6 24. bxa6 Rab8 25. Qc3 Qf4 26. Ba3 Rec8 27. Bc5 Rc7 28. Qg3 Rbc8 29. Bd3 Qg5 30. Qxg5 fxg5 31. g3 Kg7 32.
Reb1 Ne7 33. Rb7 Nc6 34. Bb5 Bh3 35. Rxc7 Rxc7 36. Bxc6 Rxc6 37. Bxa7 Rc8 38. Bb6 Ra8 39. a7 Kf6 40. f3 Ke7 41. Bc7 Kd7 42. Bb8 Kc6 43.
Ra6+ Kb7 44. Rh6 Bf5 45. Rf6 Be6 46. f4 gxf4 47. gxf4 Rxb8 48. axb8=N Kxb8 49. f5 Bd7 50. Rxf7 Kc7 51. Rxh7 Kd6 52. f6 Bf5 53. Re7 Bg6 54. Kf2 Be4 55. Kg3 Bg6 56. Kf4 Bd3 57. Kg5 Bh7 58.
h4 Bd3 59. Kh6 Be4 60. Kg7 Kc6 61. Kf8 Kb5 62. Kg7 Kc4 63. f7 Kxd4 64. f8=Q Kd3 65. Qf1+ Kd4 66. Ra7 Ke5 67. h5 Kd4 68. h6 Ke5 69. h7 Kd4 70. h8=B Ke5 71. Kf7+ Kd6 72. Bd4 Bg6+ 73. Kf6 Bf7 74. Qa6# 1-0

[Event "Early-Titled-Tuesday-Blitz-January-16-2024"]
[Site "Chess.com"]
[Date "2024.01.16"]
[Round "9"]
[White "artin10862"]
[Black "Iball95"]
[Result "1-0"]
[WhiteElo "2926"]
[BlackElo "2761"]
[TimeControl "180+1"]
[EndTime "9:49:21 PST"]
[Termination "artin10862 won by checkmate"]

1. c4 e6 2. g3 d5 3. Bg2 Nf6 4. Nf3 c5 5. cxd5 exd5 6. O-O Nc6 7. d4 Be7 8. b3 O-O 9. Bb2 Ne4 10. dxc5 Bxc5 11. Nc3 Be6 12. Rc1 Bb6 13. Na4 Bc7 14.
Nd4 Nxd4 15. Qxd4 Nf6 16. Nc5 Bb6 17. Qd2 Qe7 18. Na4 Bd8 19. Bd4 Re8 20. Nc3 Ba5 21. Qb2 Rad8 22. Rfd1 Bb4 23. Nb5 Ne4 24. Bxg7 f6 25.
Bh6 a6 26. Rc7 Rd7 27. Rxd7 Bxd7 28. Nd4 Bc5 29. Be3 Ba3 30. Qa1 Rc8 31. Bc1 Bb4 32.
Bb2 Nc3 33. Rc1 Nxe2+ 34. Nxe2 Qxe2 35. Bxd5+ Kf8 36. Bxf6 Rxc1+ 37. Qxc1 Bh3 38. Qh6+ Ke8 39. Qxh3 Qd1+ 40. Qf1 Qxd5 41. Bb2 Bc5 42. Qe2+ Kf7 43. Qc4 Ke6 44. Qxd5+ Kxd5 45. Kf1 Ke4 46. Ke2 h5 47.
f3+ Kd5 48. Kd3 Bd6 49. Bc1 Be5 50. Bf4 Bd4 51. g4 hxg4 52. fxg4 Be5 53. Bxe5 Kxe5 54.
h4 Kf4 55. g5 Kg4 56. g6 a5 57. g7 a4 58. g8=Q+ Kf5 59. h5 b5 60. bxa4 b4 61. h6 b3 62. axb3 Ke5 63. h7 Kd6 64. h8=Q Kc5 65.
Qe5+ Kb4 66. Qd6+ Ka5 67. Qgd5# 1-0

[Event "Early-Titled-Tuesday-Blitz-January-16-2024"]
[Site "Chess.com"]
[Date "2024.01.16"]
[Round "9"]
[White "PLAYER_2006_M"]
[Black "Shield12"]
[Result "1-0"]
[WhiteElo "2916"]
[BlackElo "3000"]
[TimeControl "180+1"]
[EndTime "9:49:22 PST"]
[Termination "PLAYER_2006_M won by resignation"]

1. e4 c5 2. Nf3 e6 3. d4 cxd4 4. Nxd4 Nc6 5. Nc3 Qc7 6. g3 a6 7. Bg2 h5 8. O-O h4 9. Re1 hxg3 10. hxg3 d6 11. Nxc6 bxc6 12. e5 d5 13. Na4 Bb7 14. c4 dxc4 15. Qc2 c5 16. Qxc4 Rd8 17. Nc3 Rd4 18.
Qe2 Bxg2 19. Kxg2 Qc6+ 20. f3 Ne7 21. Be3 Rb4 22. Rad1 Nf5 23. Bf2 Be7 24. Ne4 c4 25. g4 Nh4+ 26. Bxh4 Rxh4 27. Rd2 Rb5 28. Qf2 Kf8 29.
Red1 Rxg4+ 30. fxg4 Qxe4+ 31. Qf3 Qxe5 32. Qa8+ Rb8 33.
Rd8+ Bxd8 34. Rxd8+ Ke7 35. Rxb8 Qe2+ 36. Kg3 Qe1+ 37.
Kf3 Qd1+ 38. Ke3 Qd3+ 39. Kf2 Qd2+ 40. Kg3 Qe1+ 41. Kh3 Qe3+ 42. Kh2 Qd2+ 43. Qg2 Qh6+ 44. Kg1 Qc1+ 45. Kh2 Qh6+ 46. Kg3 Qe3+ 47. Qf3 Qe1+ 48.
Kh3 Qe5 49. Rb7+ Kd6 50. Rxf7 Qe1 51. Qg3+ Qxg3+ 52. Kxg3 c3 53. bxc3 1-0

[Event "Early-Titled-Tuesday-Blitz-January-16-2024"]
[Site "Chess.com"]
[Date "2024.01.16"]
[Round "9"]
[White "Statham_01"]
[Black "Brahianzevich"]
[Result "1-0"]
[WhiteElo "2552"]
[BlackElo "2438"]
[TimeControl "180+1"]
[EndTime "9:49:22 PST"]
[Termination "Statham_01 won by checkmate"]

1. e4 c5 2. Nf3 d6 3. d4 cxd4 4. Nxd4 Nf6 5. Nc3 a6 6. a3 Nc6 7. Bg5 e6 8. Qd2 Bd7 9. O-O-O b5 10. Nxc6 Bxc6 11. Qe1 Qb6 12. Bxf6 gxf6 13. Nd5 Bxd5 14. exd5 e5 15. Bd3 a5 16. Kb1 Qc5 17. f4 Be7 18.
Rf1 Rb8 19. Qe4 a4 20. c3 h5 21. fxe5 dxe5 22. d6 Bd8 23. Be2 Rb6 24. Ka1 Kf8 25. d7 Rh6 26. h3 Rd6 27. g4 hxg4 28. hxg4 Rh2 29. Rxd6 Qxd6 30. Rh1 Rxh1+ 31. Qxh1 Qxd7 32. Qf1 Ke7 33. Bxb5 Qa7 34. Bc4 Kf8 35. Qf5 Qc5 36. Bd3 Qg1+ 37. Ka2 Qc5 38. Qd7 Qb6 39. Qd5 Qe6 40.
Qxe6 fxe6 41. Bb5 f5 42. gxf5 exf5 43. Bxa4 f4 44. Bc6 Ke7 45. Kb1 Kd6 46. Be4 Kc5 47. Kc2 Kb5 48. b3 Be7 49. a4+ Ka5 50.
Kd3 Bd6 51. Kc4 Be7 52. Kd5 Bf6 53. Kc6 Be7 54. Kb7 Ba3 55. Bf3 Bb2 56. c4 Bd4 57.
Kc6 Kb4 58. Bd1 e4 59. Kd5 f3 60. Kxd4 f2 61. Be2 e3 62. Kxe3 Kxb3 63. c5 Kxa4 64. c6 Ka5 65. c7 Kb6 66. c8=Q Ka7 67. Qa6+ Kb8 68. Qb6+ Ka8 69. Bf3# 1-0

[Event "Early-Titled-Tuesday-Blitz-January-16-2024"]
[Site "Chess.com"]
[Date "2024.01.16"]
[Round "9"]
[White "cthulhuuu"]
[Black "aistrel"]
[Result "1-0"]
[WhiteElo "2414"]
[BlackElo "2528"]
[TimeControl "180+1"]
[EndTime "9:49:24 PST"]
[Termination "cthulhuuu won by checkmate"]

1. e4 c5 2. Nf3 a6 3. g3 b5 4. Bg2 Bb7 5. d3 e6 6. O-O Be7 7. Re1 d6 8. c3 Nd7 9. a4 h5 10. h4 Ngf6 11. Ng5 Qb6 12. axb5 axb5 13. Rxa8+ Bxa8 14. e5 Bxg2 15. exf6 gxf6 16. Nxe6 Qb7 17. Nf4 Bf3 18. Qb3 Ne5 19. Nd2 Kf8 20. d4 c4 21.
Qc2 Nd3 22. Nxd3 cxd3 23. Qxd3 Bd5 24. Ne4 Rg8 25. Kh2 Qd7 26. Bh6+ Rg7 27. Qe3 Be6 28. f3 Qa7 29. Nf2 Qb7 30. Nh3 Kg8 31. Bxg7 Kxg7 32.
Nf4 Bf8 33. Nxe6+ fxe6 34. Qxe6 Qxf3 35. Qe2 Qf5 36. Rf1 Qd5 37. Qf3 Qe6 38. Qxh5 d5 39.
Qf5 Qe2+ 40. Rf2 Qe7 41. Qxd5 Qc7 42. Qxb5 Bd6 43. Qf5 Bxg3+ 44. Kg2 Bxf2 45. Qxf2 Qb7+ 46. Kh3 Kf7 47. Kh2 Qd7 48. Qg3 Qb7 49. b4 Qc6 50. h5 Qc4 51. Kh3 Ke6 52. Qg4+ Ke7 53. Qf3 Qb3 54. Kg4 Qc2 55. Kf4 Kf8 56. Qe4 Qf2+ 57.
Qf3 Qd2+ 58. Kf5 Qg5+ 59. Ke6 Kg7 60. Qf5 Qe3+ 61. Kd6 Qg3+ 62. Kd7 Qh4 63. Qg6+ Kh8 64. h6 Qh3+ 65. Kd8 Qe3 66. Qg7# 1-0

[Event "Early-Titled-Tuesday-Blitz-January-16-2024"]
[Site "Chess.com"]
[Date "2024.01.16"]
[Round "9"]
[White "BardArtem"]
[Black "Bauman_Guy"]
[Result "1-0"]
[WhiteElo "2821"]
[BlackElo "2913"]
[TimeControl "180+1"]
[EndTime "9:49:26 PST"]
[Termination "BardArtem won by resignation"]

1. e4 c5 2. c3 d5 3. exd5 Qxd5 4. Nf3 Nf6 5. Na3 Nc6 6. Bc4 Qd8 7. d4 e6 8. O-O a6 9. Nc2 b5 10. Be2 Bb7 11.
a4 b4 12. Be3 Nd5 13. Qd2 Be7 14. dxc5 bxc3 15. bxc3 Nxe3 16. Nxe3 Bxc5 17. Rab1 Qc7 18. Nd4 O-O 19. Bf3 Na5 20. Bxb7 Nxb7 21. Rfd1 Rfc8 22. Qa2 Nd6 23. g3 Rab8 24. Rxb8 Rxb8 25. Qe2 Ne4 26. Qxa6 Nxc3 27. Rd3 Ne4 28. Nxe6 Qe7 29. Nxc5 Nxc5 30. Qd6 Qxd6 31. Rxd6 Nxa4 32. Rd7 g6 33. Ng4 Kg7 34. Ne5 Rf8 35. g4 Nc5 36. Ra7 g5 37. Kg2 Ne6 38. Kg3 h6 39. h4 Nf4 40. hxg5 hxg5 41. Nf3 Ne6 42. Ne1 Rd8 43. Ng2 Rd3+ 44. Ne3 Kg6 45.
Kf3 Rb3 46. Ra8 Nd4+ 47. Ke4 Rb4 48. Nd5 Rc4 49. Kd3 Rc2 50. Kxd4 Rxf2 51. Rg8+ Kh6 52. Rh8+ Kg7 53. Rh5 Kg6 54. Rh8 Kg7 55. Ra8 Rg2 56. Ne3 Rf2 57. Ke4 Rf4+ 58. Kd3 Kg6 59. Ra6+ Kh7 60.
Ke2 f6 61. Rc6 Kg7 62. Rc4 Kg6 63. Rxf4 gxf4 64. Nf5 1-0

[Event "Early-Titled-Tuesday-Blitz-January-16-2024"]
[Site "Chess.com"]
[Date "2024.01.16"]
[Round "9"]
[White "GMKrikor"]
[Black "deribas12345"]
[Result "1-0"]
[WhiteElo "2736"]
[BlackElo "2489"]
[TimeControl "180+1"]
[EndTime "9:49:28 PST"]
[Termination "GMKrikor won on time"]

1. Nf3 c5 2. c4 Nf6 3. Nc3 g6 4. e4 d6 5. d4 cxd4 6. Nxd4 Bg7 7. Be2 O-O 8. Be3 Nc6 9. Nc2 a6 10. O-O Bd7 11. Rc1 Ne5 12. h3 b5 13. cxb5 axb5 14.
f4 Nc4 15. Bxc4 bxc4 16. Bd4 Rb8 17. Rb1 Qa5 18. Ne3 e5 19. fxe5 dxe5 20. Nxc4 Qb4 21. Nxe5 Rfd8 22. a3 Qe7 23. Qf3 Be8 24. Qf2 Rxd4 25.
Qxd4 Nh5 26. Nd5 Qxe5 27. Qxe5 Bxe5 28. b4 Ng3 29. Rfe1 Bb5 30. Kf2 Bd3 31. Ne7+ Kg7 32. Nc6 Nxe4+ 33. Ke3 Bxb1 34. Nxb8 Nc3 35. Nc6 Bf6 36.
Nd4 Nd5+ 37. Kf3 Bd3 38. Nc6 Bb5 39. Ne5 Nb6 40. Ng4 Bg5 41. Kg3 h5 42. Nf2 h4+ 43.
Kf3 Bf6 44. Ne4 Bc6 45. Kf4 Nd5+ 46. Kg4 Be7 47. Rc1 Bd7+ 48. Kf3 Bf5 49. Nc5 Bf6 50.
Rd1 Nc3 51. Re1 Nb5 52. Ne4 Nd4+ 53. Kf2 Be5 54. Kf1 Bf4 55. Nf2 Nc2 56. Re7 Ne3+ 57. Kg1 Bg3 58. Ne4 Bf4 59. Re8 Nc4 60. Nc5 Be3+ 61.
Rxe3 Nxe3 62. b5 Nd5 63. a4 Nc3 64. b6 Bc8 65. a5 1-0

[Event "Early-Titled-Tuesday-Blitz-January-16-2024"]
[Site "Chess.com"]
[Date "2024.01.16"]
[Round "9"]
[White "DonJuanEGenaro"]
[Black "queen_iryna"]
[Result "1-0"]
[WhiteElo "1900"]
[BlackElo "2300"]
[TimeControl "180+1"]
[EndTime "9:49:37 PST"]
[Termination "DonJuanEGenaro won by resignation"]

1. Nf3 d6 2. d4 g6 3. Bf4 Bg7 4. e3 Nd7 5. Bc4 e5 6. Bg5 Ne7 7. Nc3 c6 8. dxe5 dxe5 9. Qd6 Nb6 10. Qxd8+ Kxd8 11. Bxf7 Bd7 12. O-O-O Rf8 13. Be6 h6 14.
Bxd7 Nxd7 15. Bh4 g5 16. Bg3 Ng6 17. h4 g4 18. Nd2 h5 19. Nde4 Ke7 20. Rd6 Nh8 21.
Rhd1 Rad8 22. Ng5 Nc5 23. Rxd8 Rxd8 24. Rxd8 Kxd8 25. b4 e4 26. Ncxe4 Nxe4 27. Nxe4 Nf7 28. c4 Kd7 29. Kc2 b6 30. Kd3 Ke6 31. Ng5+ Nxg5 32.
hxg5 Kf5 33. Bh4 Be5 34. f4 Bd6 35. Bg3 Bxb4 36. e4+ Kg6 37. Bh4 Bd6 38. e5 Bc5 39. Ke4 b5 40. f5+ Kg7 41. g6 bxc4 42. Bf6+ Kf8 43.
e6 h4 44. e7+ Bxe7 45. g7+ Kf7 46. Bxe7 Kxg7 47. Bxh4 c3 48. Be1 c2 49. Bd2 Kf6 50. Kf4 g3 51. Kg4 c5 52. Kxg3 Kxf5 53. Kf3 c4 54. g4+ Ke5 55. g5 Kf5 56. Ke2 c3 57. Bc1 a5 58. Kd3 a4 59. Kxc3 a3 60. Kxc2 Kg6 61. Kb3 Kf5 62. Kxa3 Kg6 63. Kb4 Kf5 64.
a4 Kg6 65. a5 Kf5 66. a6 Kg6 1-0

[Event "Early-Titled-Tuesday-Blitz-January-16-2024"]
[Site "Chess.com"]
[Date "2024.01.16"]
[Round "9"]
[White "KnightmareJoker"]
[Black "Zampronha1971"]
[Result "0-1"]
[WhiteElo "2117"]
[BlackElo "2349"]
[TimeControl "180+1"]
[EndTime "9:49:39 PST"]
[Termination "Zampronha1971 won by resignation"]

1. e4 c5 2. Nf3 e6 3. d4 cxd4 4. Nxd4 Nc6 5. Nc3 Qc7 6. Be2 a6 7. Be3 Nf6 8. O-O Ne5 9. f4 Nc4 10.
Bxc4 Qxc4 11. e5 Nd5 12. Nxd5 Qxd5 13. Nf3 Bc5 14. Bxc5 Qxc5+ 15. Qd4 Qxd4+ 16. Nxd4 f6 17. a4 b6 18. a5 b5 19. c4 bxc4 20. Rfc1 Bb7 21.
Rxc4 Bd5 22. Rc3 fxe5 23. fxe5 Ke7 24. Rac1 Rab8 25. b3 Rb4 26. Nc2 Rxb3 27. Rxb3 Bxb3 28. Nb4 Ra8 29. Rc3 Ba4 30. Rh3 h6 31. Rg3 Kf7 32. Rf3+ Kg8 33. Rc3 Bb5 34. Rc7 Kf7 35. Kf2 Kg6 36.
Kg3 Kf5 37. Rc5 Ke4 38. Nc2 Rf8 39. Na3 Kd4 40. Rc7 Bc6 41. Ra7 Ra8 42. Rc7 Kxe5 43. Nc4+ Kd4 44. Nb6 Rd8 45. Ra7 Bb5 46. Rc7 e5 47.
Rc1 e4 48. Rd1+ Bd3 49. Kf4 Rf8+ 50. Kg3 d5 51. Rc1 e3 52. Na4 Rf1 53. Rxf1 Bxf1 54. Nb6 Kc5 55. Nd7+ Kb5 56. Kf3 d4 57. Ne5 Bc4 58.
Nd7 Bd5+ 59. Ke2 Bxg2 60. Ne5 Kc5 61. Nd3+ Kc4 62. Ne5+ Kc3 63. Nd3 Be4 64. Nc5 Bc2 65.
Nxa6 d3+ 66. Kxe3 d2 67. Nc5 d1=Q 68. Ne4+ Bxe4 0-1

[Event "Early-Titled-Tuesday-Blitz-January-16-2024"]
[Site "Chess.com"]
[Date "2024.01.16"]
[Round "9"]
[White "Witik"]
[Black "Leebit02"]
[Result "1/2-1/2"]
[WhiteElo "2753"]
[BlackElo "2565"]
[TimeControl "180+1"]
[EndTime "9:49:43 PST"]
[Termination "Game drawn by agreement"]

1. d4 d5 2. c4 dxc4 3. Nf3 Nf6 4.
e3 e6 5. Bxc4 c5 6. O-O a6 7. dxc5 Bxc5 8. Qxd8+ Kxd8 9. Be2 Ke7 10. Ne5 Nbd7 11. Nd3 Bd6 12. Nd2 Nb6 13. e4 e5 14. b3 Be6 15. Bb2 Nfd7 16. Rfd1 Rac8 17. Nf1 f6 18. Ne3 Nc5 19. Nf5+ Bxf5 20. exf5 Rhd8 21. Bf3 Nxd3 22. Rxd3 Rc7 23. Rad1 Nc8 24. g3 Rcd7 25. Kf1 g6 26. Be4 g5 27. Ke2 Rc7 28. R3d2 Rdd7 29. a3 Na7 30. h4 gxh4 31. Rh1 hxg3 32. Rxh7+ Ke8 33. Rh8+ Bf8 34. fxg3 Rxd2+ 35. Kxd2 Nb5 36.
a4 Nd6 37. Bb1 Rd7 38. Ke2 Nf7 39. Rh1 Bb4 40. Rd1 Rxd1 41. Kxd1 Kd7 42. g4 Nh6 43. Be4 Nxg4 44. Bxb7 a5 45. Ke2 Nh6 46. Be4 Kd6 47. Bc1 Nf7 48. Kd3 Ng5 49. Bg2 Nf7 50. Be3 Nd8 51. Kc4 Nc6 52. Be4 Nd4 53. Bd3 Be1 54. Bh6 Ke7 55. Kd5 Bb4 56. Kc4 Be1 57.
Be4 Bb4 58. Be3 Be1 59. Bg1 Bb4 60. Bf2 Bd2 61. Bh4 Bb4 62. Bg3 Bd2 63. Bf2 Bb4 64.
Be3 Be1 65. Bc1 Bb4 66. Bb2 Kd6 67. Bxd4 exd4 68. Kxd4 Be1 69. Bc2 Bb4 70. Kc4 Be1 71.
Kb5 Bb4 72. Bb1 Be1 73. Kb6 Bb4 74. Kb7 Be1 75. Kb8 Bc3 76. Kc8 Bb4 77. Kd8 Ke5 78. Ke8 Bc3 79. Kf7 Bb4 80. Kg6 Bc3 1/2-1/2

[Event "Early-Titled-Tuesday-Blitz-January-16-2024"]
[Site "Chess.com"]
[Date "2024.01.16"]
[Round "9"]
[White "m_ezat"]
[Black "GMJustin"]
[Result "0-1"]
[WhiteElo "2447"]
[BlackElo "2330"]
[TimeControl "180+1"]
[EndTime "9:49:46 PST"]
[Termination "GMJustin won on time"]

1. d4 Nf6 2. c4 g6 3. h4 c5 4. d5 e6 5. Nc3 exd5 6. Nxd5 Nxd5 7. cxd5 d6 8. e4 Bg7 9. h5 Qe7 10. Bb5+ Bd7 11. Bxd7+ Nxd7 12. Qe2 f5 13. hxg6 hxg6 14. Rxh8+ Bxh8 15. exf5 gxf5 16. Bg5 Qxe2+ 17. Nxe2 Nb6 18. O-O-O Kf7 19. Rh1 Nxd5 20. Rh6 Bf6 21. Bxf6 Nxf6 22. Ng3 f4 23. Nf5 Ke6 24. Ng7+ Ke5 25. Nh5 Nxh5 26. Rxh5+ Ke4 27. Kd2 Rg8 28. Rh2 d5 29. Ke2 c4 30.
f3+ Kd4 31. Kd2 b5 32. Kc2 b4 33. a3 a5 34. a4 b3+ 35. Kd2 Kc5 36. Kc3 d4+ 37. Kd2 Kb4 38. g4 fxg3 39. Rg2 c3+ 40. Kd3 c2 41. Kd2 d3 42. f4 Kxa4 43. f5 Kb4 44. f6 a4 45. f7 Rf8 46. Rxg3 Rxf7 47. Rg4+ Kc5 48. Rg5+ Kd4 49. Rg4+ Ke5 50. Rc4 Rf2+ 51.
Kxd3 Rf1 52. Kd2 Rd1+ 53. Kc3 c1=Q+ 54. Kb4 Qxc4+ 55. Kxc4 Rd2 56. Kb4 Rxb2 57. Ka3 Rb1 58. Kxa4 b2 59. Kb4 Kd4 60. Kb3 Kd3 61. Ka2 Kc2 62. Ka3 Rc1 63. Kb4 b1=Q+ 64. Kc4 Kd2+ 0-1

[Event "Early-Titled-Tuesday-Blitz-January-16-2024"]
[Site "Chess.com"]
[Date "2024.01.16"]
[Round "9"]
[White "MightyGMpretender"]
[Black "Timerkhanov"]
[Result "1/2-1/2"]
[WhiteElo "2842"]
[BlackElo "2663"]
[TimeControl "180+1"]
[EndTime "9:49:54 PST"]
[Termination "Game drawn - insufficient material"]

1. e4 c5 2. Nf3 a6 3. d4 cxd4 4. Qxd4 Nc6 5. Qe3 d6 6. h3 Nf6 7. Be2 e6 8. O-O Be7 9. c4 O-O 10. Nc3 Qc7 11. Bd2 b6 12. Rac1 Ne5 13. Nd4 Bb7 14. f4 Ned7 15. Nf3 d5 16. cxd5 Bc5 17. Nd4 e5 18. Na4 exd4 19. Qd3 a5 20. Nxc5 bxc5 21. Qxd4 cxd4 22. Rxc7 Ba6 23. Bxa6 Rxa6 24. e5 Ne4 25. Rxd7 Nxd2 26. Rd1 Nc4 27. Rxd4 Ne3 28. Rd3 Nc2 29.
a3 Rb6 30. Rc7 Rxb2 31. d6 Ne1 32. Rd1 Nxg2 33. d7 Rbb8 34. Kxg2 Rfd8 35. f5 Kf8 36. f6 gxf6 37. exf6 Rb2+ 38. Kg3 Rb3+ 39. Kg4 h5+ 40. Kg5 Rb5+ 41. Kf4 Rb6 42. Rc8 Rxf6+ 43. Kg5 Rg6+ 44. Kxh5 Ke7 45. Rxd8 Kxd8 46. Rd3 a4 47. h4 Rg1 48. Kh6 f5 49. h5 f4 50. Rf3 Rg3 51.
Rxf4 Rxa3 52. Rd4 Ra1 53. Kg7 a3 54. Ra4 Kxd7 55. h6 Ke7 56. Re4+ Kd7 57. Rg4 Rh1 58. Rg2 Kc6 59. Ra2 Rg1+ 60. Kf7 Rf1+ 61. Kg8 Rg1+ 62. Kf7 Rf1+ 63. Ke7 Rh1 64. Rxa3 Kb7 65. Rb3+ Kc7 66. Rc3+ Kb7 67. Rb3+ Kc7 68. Rc3+ Kb7 69. Kd7 Rxh6 70. Rb3+ Rb6 71. Rc3 Rb5 72. Kd6 Rb6+ 73. Kd7 Rb5 74. Rd3 Rb6 75. Ra3 Rb5 76. Rc3 Rb6 77. Rc7+ Ka6 78. Rc1 Rb7+ 79. Kc6 Rb6+ 80. Kc5 Rh6 81. Rb1 Rh5+ 82. Kd4 Rh6 83. Kc4 Rb6 84. Re1 Kb7 85. Kc5 Rc6+ 86. Kd5 Rh6 87. Re6 Rxe6 88. Kxe6 1/2-1/2